 Dungeon Crawl Stone Soup version 0.20.1-1-g8b1a95d (webtiles) character file.

44890 dohliylev the Spry (level 13, -12/91 HPs)
             Began as a Vampire Enchanter on July 11, 2017.
             Was an Elder of Dithmenos.
             Mangled by a black mamba (13 damage)
             ... on level 1 of the Snake Pit.
             The game lasted 01:51:11 (17153 turns).

dohliylev the Spry (Vampire Enchanter)             Turns: 17153, Time: 01:51:12

Health: -12/91     AC:  9    Str:  7    XL:     13   Next: 98%
Magic:  2/23       EV: 24    Int: 28    God:    Dithmenos [****..]
Gold:   1091       SH:  5    Dex: 15    Spells: 3/26 levels left

rFire    . . .     SeeInvis +   a - +7 dagger (pain)
rCold    . . .     Gourm    .   w - +0 buckler of the Moon {-Tele rPois Stlth+}
rNeg     . . .     Faith    +   H - +2 robe {Archmagi}
rPois    +         Spirit   .   l - +2 hat
rElec    .         Reflect  .   U - +0 cloak
rCorr    .         Harm     .   B - +0 pair of gloves
MR       +....     NoTele   +   Q - +0 pair of boots {Stlth+}
Stlth    ++++++++++             F - amulet of faith
Regen    0.5/turn               Y - ring of wizardry
MPRegen  0.2/turn               O - +6 ring of intelligence

@: lethally poisoned (-12 -> -17), regenerating quickly, wreathed by umbra
A: fangs 3, see invisible, unbreathing
a: Shadow Step, Renounce Religion


You were on level 1 of the Snake Pit.
You worshipped Dithmenos.
Dithmenos was greatly pleased with you.
You were full.

You visited 3 branches of the dungeon, and saw 16 of its levels.
You also visited: Labyrinth and Sewer.

You collected 1091 gold pieces.

Inventory:

Hand Weapons
 a - a +7 dagger of pain (weapon)
Armour
 l - a +2 hat (worn)
 v - +0 steam dragon scales
 w - the +0 buckler of the Moon (worn) {-Tele rPois Stlth+}
   (You found it on level 3 of the Lair of Beasts)

   It protects you from poison.
   It prevents most forms of teleportation.
   It makes you more stealthy.
 B - a +0 pair of gloves (worn)
 H - a +2 robe of the Archmagi (worn)
 Q - a +0 pair of boots of stealth (worn)
 U - a +0 cloak (worn)
Jewellery
 g - an uncursed ring of ice
 y - a +5 ring of protection {unknown}
 F - an amulet of faith (around neck)
 J - an uncursed ring of stealth
 O - a +6 ring of intelligence (right hand)
 Y - a ring of wizardry (left hand)
Wands
 q - a wand of confusion (29/48)
Scrolls
 b - a scroll of torment {unknown}
 e - 7 scrolls of remove curse
 h - a scroll of blinking {unknown}
 m - a scroll of enchant weapon
 n - a scroll of amnesia
 u - a scroll of magic mapping
 x - a scroll of holy word {unknown}
 z - a scroll of acquirement {unknown}
 E - 2 scrolls of fear {unknown}
 N - 2 scrolls of noise {unknown}
 V - a scroll of recharging {unknown}
 Z - 9 scrolls of teleportation
Potions
 d - 20 potions of blood
 f - 2 potions of curing
 i - a potion of cancellation {unknown}
 j - 2 potions of magic {unknown}
 k - a potion of invisibility {unknown}
 o - a potion of lignification {unknown}
 p - 2 potions of mutation {unknown}
 r - 3 potions of flight {unknown}
 s - 2 potions of agility {unknown}
 C - 2 potions of haste {unknown}
 L - a potion of brilliance {unknown}
 S - 2 potions of heal wounds {unknown}
 X - a potion of ambrosia {unknown}
Books
 c - a book of Maledictions

   Spells                             Type                      Level
   a - Corona                         Hexes                        1
   b - Ensorcelled Hibernation        Hexes/Ice                    2
   c - Confuse                        Hexes                        3
   d - Tukima's Dance                 Hexes                        3
   e - Dazzling Spray                 Conjuration/Hexes            3
 t - a book of Necromancy

   Spells                             Type                      Level
   a - Pain                           Necromancy                   1
   b - Animate Skeleton               Necromancy                   1
   c - Vampiric Draining              Necromancy                   3
   d - Regeneration                   Charms/Necromancy            3
   e - Animate Dead                   Necromancy                   4
   f - Control Undead                 Necromancy                   4
 A - a book of Necromancy

   Spells                             Type                      Level
   a - Pain                           Necromancy                   1
   b - Animate Skeleton               Necromancy                   1
   c - Vampiric Draining              Necromancy                   3
   d - Regeneration                   Charms/Necromancy            3
   e - Animate Dead                   Necromancy                   4
   f - Control Undead                 Necromancy                   4
 G - a book of Clouds

   Spells                             Type                      Level
   a - Poisonous Vapours              Poison/Air                   2
   b - Mephitic Cloud                 Conjuration/Poison/Air       3
   c - Conjure Flame                  Conjuration/Fire             3
   d - Freezing Cloud                 Conjuration/Ice/Air          6
   e - Ring of Flames                 Charms/Fire                  7
 P - Yhises's Collected Works on Ice
   (You found it in a labyrinth)

   Spells                             Type                      Level
   a - Freeze                         Ice                          1
   b - Throw Frost                    Conjuration/Ice              2
   c - Ensorcelled Hibernation        Hexes/Ice                    2
   d - Freezing Cloud                 Conjuration/Ice/Air          6


   Skills:
 - Level 5.0 Fighting
 - Level 10.0 Short Blades
   Level 1.0 Staves
 + Level 2.1 Armour
 * Level 16.2 Dodging
 - Level 15.1 Stealth
 + Level 3.1 Shields
 - Level 7.0 Spellcasting
 - Level 10.1 Hexes
 + Level 0.2 Necromancy
 - Level 5.9 Ice Magic
 - Level 0.1 Poison Magic
 + Level 1.0 Invocations


You had 3 spell levels left.
You knew the following spells:

 Your Spells              Type           Power        Failure   Level  Hunger
a - Invisibility          Hex            #######.     6%          6    ######.
b - Ensorcelled Hibernat  Hex/Ice        ######       1%          2    None
c - Confuse               Hex            #######.     1%          3    None
d - Pain                  Necr           ###.         2%          1    None
e - Dazzling Spray        Conj/Hex       ######       1%          3    None
f - Blink                 Tloc           N/A          3%          2    None
g - Mephitic Cloud        Conj/Pois/Air  ###.....     8%          3    None
h - Freeze                Ice            ####         1%          1    None
i - Throw Frost           Conj/Ice       #####.       1%          2    None


Dungeon Overview and Level Annotations

Branches:
Dungeon (9/15)             Temple (0/1) D:6            Lair (6/6) D:8
  Swamp (0/4) Lair:4        Snake (1/4) Lair:3        Slime (0/5) Lair:5
    Orc: D:9-12

Altars:
Dithmenos
Trog

Shops:
D:4 %   Snake:1 ?*


Innate Abilities, Weirdness & Mutations

Your natural rate of healing is unusually fast.
You have razor-sharp teeth.
You have supernaturally acute eyesight. (SInv)
You can survive without breathing.


Message History

The black mamba bites you but does no damage.
You block the black mamba's attack.
You continue taking off the +0 buckler of the Moon {-Tele rPois Stlth+}.
You block the black mamba's attack. The black mamba misses you.
The black mamba closely misses you. The black mamba bites you!
* * * LOW HITPOINT WARNING * * *
You are poisoned.
The black mamba poisons you! You block the black mamba's attack.
The black mamba barely misses you.
You continue taking off the +0 buckler of the Moon {-Tele rPois Stlth+}.
You feel sick. The black mamba closely misses you.
The black mamba completely misses you. The black mamba misses you. x2
The black mamba bites you!
* * * LOW HITPOINT WARNING * * *
The black mamba barely misses you.
You continue taking off the +0 buckler of the Moon {-Tele rPois Stlth+}.
* * * LOW HITPOINT WARNING * * *
You feel sick. The black mamba closely misses you. The black mamba misses you.
The black mamba completely misses you. x2; The black mamba bites you!
You die...

## ###.######..#.###.......#...
.#####..###........###..N...#...#
#........##...........##.......##
..######.##.).........##...###.#
..## ##...............#### ...
...## ##.)...........## .. ....##
#........N....# .. .....##
#........S.....## ......#
#.......@S......# .....##
#........S.....## ....##
#...........^..##
....###...............#
..##......#...........#
.###.#...####.........#
####.....# ##..........
#......##.#....#...#..
#..........


You could see a naga ritualist and 3 black mambas.

Vanquished Creatures
  Rupert (Lair:5)
  Snorg (Lair:3)
  A minotaur (Lab)
  A fire dragon (Lair:6)
  4 hydras
  Fannar (Lair:3)
  An anaconda (Snake:1)
  A two-headed ogre (D:8)
  Urug (Lair:4)
  A shock serpent (Snake:1)
  Nergalle (Lair:3)
  An unseen horror (D:7)
  A lindwurm (Lair:6)
  A mana viper (Snake:1)
  An oklob plant (Lair:5)
  A salamander (Snake:1)
  9 elephants
  7 black mambas
  A naga mage (Snake:1)
  3 molten gargoyles (Lair:6)
  12 spiny frogs
  3 rime drakes
  14 komodo dragons
  3 polar bears
  5 dream sheep (Lair:6)
  10 blink frogs
  5 hippogriffs
  A shadow (D:8)
  2 wyverns (Lair:6)
  29 yaks
  6 hungry ghosts
  A steam dragon (Lair:6)
  7 basilisks
  A naga (Snake:1)
  Duvessa (D:5)
  3 hell hounds (Lair:6)
  19 water moccasins
  5 porcupines
  Purgy (Sewer)
  2 orc warriors (D:6)
  A black bear (D:6)
  A phantom (D:5)
  5 ogres
  10 wolves
  3 centaurs
  7 crocodiles
  A big kobold (D:8)
  3 bullfrogs
  4 scorpions
  Dowan (D:5)
  5 wights (D:7)
  An electric eel (Lair:4)
  5 lava snakes (Lair:6)
  6 crimson imps
  A bullfrog zombie (D:5)
  2 jellies (D:8)
  2 quasits
  2 bullfrog skeletons
  7 hounds
  3 orc priests
  3 iguanas
  An orc wizard (D:8)
  7 worker ants
  2 hound skeletons
  A worker ant zombie (D:6)
  11 adders
  A gnoll (D:1)
  2 shadow imps (D:6)
  An ooze (D:5)
  An adder zombie (D:8)
  An adder skeleton (D:8)
  A worm (D:2)
  3 dart slugs
  13 leopard geckos
  21 orcs
  4 giant cockroaches
  8 goblins
  5 hobgoblins
  15 jackals
  16 kobolds
  5 quokkas
  4 ball pythons
  7 bats
  6 frilled lizards
  A leopard gecko skeleton (D:8)
  A leopard gecko zombie (D:5)
  2 quokka zombies
  5 rats
  A fungus (Lair:5)
388 creatures vanquished.

Vanquished Creatures (others)
  9 fungi
  2 plants
11 creatures vanquished.

Grand Total: 399 creatures vanquished

Notes
Turn   | Place    | Note
-------+----------+-------------------------------------------
     0 | D:1      | dohliylev the Vampire Enchanter began the quest for the Orb.
     0 | D:1      | Reached XP level 1. HP: 13/13 MP: 3/3
   229 | D:1      | Reached XP level 2. HP: 16/19 MP: 3/5
   261 | D:1      | Reached skill level 5 in Stealth
   282 | D:1      | Learned a level 2 spell: Ensorcelled Hibernation
   579 | D:2      | Reached XP level 3. HP: 24/24 MP: 6/6
  1514 | D:1      | Reached XP level 4. HP: 23/30 MP: 0/7
  1834 | D:3      | Learned a level 3 spell: Confuse
  1913 | D:3      | Reached skill level 1 in Ice Magic
  1944 | D:4      | Reached XP level 5. HP: 14/36 MP: 0/8
  2015 | D:4      | Found a shadowy altar of Dithmenos.
  2056 | D:4      | Reached skill level 3 in Dodging
  2066 | D:4      | Found a glowing drain.
  2154 | D:4      | Became a worshipper of Dithmenos the Shadowed
  2187 | Sewer    | Entered a sewer
  2237 | Sewer    | Noticed Purgy
  2239 | Sewer    | Killed Purgy
  2239 | Sewer    | Reached XP level 6. HP: 41/42 MP: 4/9
  2385 | D:4      | Found Caut's Food Boutique.
  2596 | D:4      | Reached skill level 1 in Fighting
  2726 | D:4      | Reached XP level 7. HP: 48/48 MP: 5/10
  2834 | D:4      | Reached skill level 5 in Short Blades
  2986 | D:5      | Entered Level 5 of the Dungeon
  3002 | D:5      | Reached * piety under Dithmenos
  3088 | D:5      | Reached skill level 1 in Armour
  3125 | D:5      | Reached skill level 10 in Stealth
  3125 | D:5      | Reached XP level 8. HP: 53/54 MP: 0/11
  3341 | D:5      | Reached skill level 5 in Hexes
  3368 | D:5      | Noticed Dowan
  3369 | D:5      | Noticed Duvessa
  3440 | D:5      | Killed Dowan
  3531 | D:5      | Killed Duvessa
  3698 | D:6      | Found a staircase to the Ecumenical Temple.
  3764 | D:6      | Reached skill level 4 in Dodging
  3860 | D:6      | Learned a level 1 spell: Pain
  3883 | D:6      | Reached ** piety under Dithmenos
  4153 | D:6      | Learned a level 3 spell: Dazzling Spray
  4162 | D:6      | Reached skill level 1 in Shields
  4322 | D:6      | Reached XP level 9. HP: 61/61 MP: 2/13
  5347 | D:7      | Noticed an unseen horror
  5350 | D:7      | Killed an unseen horror
  5350 | D:7      | Reached skill level 5 in Dodging
  5843 | D:8      | Reached *** piety under Dithmenos
  5982 | D:8      | Found a staircase to the Lair.
  6291 | D:8      | Found a bloodstained altar of Trog.
  6633 | D:8      | Reached XP level 10. HP: 66/67 MP: 4/16
  6947 | D:8      | Noticed a two-headed ogre
  6953 | D:8      | Killed a two-headed ogre
  6953 | D:8      | Reached skill level 6 in Dodging
  7051 | Lair:1   | Entered Level 1 of the Lair of Beasts
  7066 | Lair:1   | Noticed a spiny frog
  7074 | Lair:1   | Killed a spiny frog
  7115 | Lair:1   | Reached skill level 7 in Dodging
  7134 | Lair:1   | Found a labyrinth entrance.
  7174 | Lab      | Entered a labyrinth
  7261 | Lab      | Reached skill level 8 in Dodging
  8229 | Lab      | Noticed a minotaur
  8233 | Lab      | Killed a minotaur
  8233 | Lab      | Reached skill level 9 in Dodging
  8241 | Lab      | Identified Yhises's Collected Works on Ice
  8412 | Lair:1   | Reached skill level 10 in Dodging
  8462 | Lair:1   | Noticed a spiny frog
  8470 | Lair:1   | Noticed a spiny frog
  8473 | Lair:1   | Killed a spiny frog
  8482 | Lair:1   | Killed a spiny frog
  8514 | Lair:1   | Reached skill level 1 in Staves
  8625 | Lair:1   | Noticed a spiny frog
  8629 | Lair:1   | Killed a spiny frog
  8629 | Lair:1   | Reached XP level 11. HP: 72/72 MP: 14/17
  8771 | Lair:1   | Reached skill level 11 in Dodging
  9468 | Lair:2   | Noticed a seven-headed hydra
  9476 | Lair:2   | Killed a seven-headed hydra
  9476 | Lair:2   | Reached skill level 12 in Dodging
  9964 | Lair:2   | Learned a level 2 spell: Blink
  9968 | Lair:2   | Learned a level 3 spell: Mephitic Cloud
 10151 | Lair:3   | Noticed Nergalle
 10154 | Lair:3   | Killed Nergalle
 10453 | Lair:3   | Noticed Snorg
 10460 | Lair:3   | Killed Snorg
 10460 | Lair:3   | Reached skill level 13 in Dodging
 10527 | Lair:3   | Found a staircase to the Snake Pit.
 10528 | Lair:3   | Reached XP level 12. HP: 80/80 MP: 19/19
 10703 | Lair:3   | Got a heavily runed buckler
 10714 | Lair:3   | Identified the +0 buckler of the Moon {-Tele rPois Stlth+} (You found it on level 3 of the Lair of Beasts)
 10737 | Lair:3   | Reached skill level 5 in Spellcasting
 10744 | Lair:3   | Noticed Fannar
 10751 | Lair:3   | Killed Fannar
 10954 | Lair:3   | Reached skill level 15 in Stealth
 11181 | Lair:3   | Reached **** piety under Dithmenos
 11424 | Lair:4   | Reached skill level 5 in Ice Magic
 11463 | Lair:4   | Found a staircase to the Swamp.
 12527 | Lair:4   | Noticed Urug
 12543 | Lair:4   | Killed Urug
 12798 | Lair:5   | Reached XP level 13. HP: 90/90 MP: 22/22
 12804 | Lair:5   | Found a staircase to the Slime Pits.
 12862 | Lair:5   | Learned a level 6 spell: Invisibility
 12866 | Lair:5   | att loot
 13132 | Lair:5   | Noticed Rupert
 13149 | Lair:5   | Killed Rupert
 13149 | Lair:5   | Reached skill level 10 in Short Blades
 13455 | Lair:5   | Reached skill level 10 in Hexes
 13765 | Lair:6   | Entered Level 6 of the Lair of Beasts
 13890 | Lair:6   | Reached skill level 5 in Fighting
 14237 | Lair:6   | Reached skill level 14 in Dodging
 14680 | Lair:6   | Reached ***** piety under Dithmenos
 14916 | Lair:6   | Found a bloodstained altar of Trog.
 15552 | Lair:6   | Reached skill level 15 in Dodging
 15617 | Lair:6   | Noticed a fire dragon
 15754 | Lair:6   | Found a large runed door.
 15899 | Lair:6   | Found a large runed door.
 16115 | Lair:6   | Learned a level 1 spell: Freeze
 16118 | Lair:6   | Learned a level 2 spell: Throw Frost
 16409 | Lair:6   | Killed a fire dragon
 16717 | Snake:1  | Entered Level 1 of the Snake Pit
 16720 | Snake:1  | Reached skill level 1 in Invocations
 16915 | Snake:1  | Found Toapaheb's Magic Scroll Boutique.
 16921 | Snake:1  | Reached skill level 16 in Dodging
 16925 | Snake:1  | Found Joiff's Assorted Antiques.
 17152 | Snake:1  | HP: 2/91 [black mamba (14)]
 17153 | Snake:1  | Mangled by a black mamba

Skill      XL: |  1  2  3  4  5  6  7  8  9 10 11 12 13 |
---------------+----------------------------------------+-----
Stealth        | 5 6 7 8 10 11 12 13 14 15 | 15.1
Short Blades   | 2 3 4 5 6 7 8 9 10 | 10.0
Ice Magic      | 1 2 3 4 5 |  5.9
Dodging        | 3 4 5 10 13 16 | 16.2
Fighting       | 1 2 4 5 |  5.0
Armour         | 1 2 |  2.1
Hexes          | 5 7 9 10 | 10.1
Shields        | 1 2 3 |  3.1
Spellcasting   | 3 4 6 7 |  7.0
Staves         | 1 |  1.0
Invocations    | 1 |  1.0
Necromancy     | |  0.2
Poison Magic   | |  0.1

Action                   |  1- 3 |  4- 6 |  7- 9 | 10-12 | 13-15 || total
-------------------------+-------+-------+-------+-------+-------++-------
Melee: Dagger            |   157 |   172 |   487 |   175 |   142 ||  1133
       Bite              |    12 |     6 |    44 |     8 |     9 ||    79
       Staff             |       |       |       |     3 |       ||     3
 Cast: Corona            |     5 |     2 |     4 |     1 |       ||    12
       Ensorcelled Hiber |    21 |    16 |    70 |   120 |   114 ||   341
       Confuse           |       |     2 |    29 |     7 |    18 ||    56
       Pain              |       |       |     2 |       |       ||     2
       Dazzling Spray    |       |       |     1 |       |       ||     1
       Mephitic Cloud    |       |       |       |     2 |     1 ||     3
       Throw Frost       |       |       |       |       |     2 ||     2
       Freeze            |       |       |       |       |     1 ||     1
Invok: Shadow Step       |       |       |     1 |     2 |     5 ||     8
 Abil: End Transformatio |       |       |       |     6 |     6 ||    12
       Bat Form          |       |       |       |     6 |     6 ||    12
  Use: Potion            |       |       |     2 |     1 |    18 ||    21
       Scroll            |       |       |       |    12 |     1 ||    13
 Stab: Sleeping          |    13 |    19 |    59 |   118 |    58 ||   267
       Confused          |       |     1 |    10 |     6 |    10 ||    27
       Distracted        |       |       |       |       |     2 ||     2
  Eat: Corpse            |    12 |     3 |     5 |     4 |       ||    24
Armor: Robe              |    16 |     8 |    20 |     7 |    12 ||    63
       Troll leather arm |       |    14 |    52 |       |       ||    66
       Skin              |       |       |       |     1 |       ||     1
Dodge: Dodged            |    79 |    79 |   190 |    95 |   164 ||   607
Block: Buckler           |    18 |    23 |    30 |    13 |    17 ||   101
